General information
			
			
        
        - name: BNet
 
        - type: Ladder team game (AT/RT)
 
        - host: Battle.net
 
        - saver: w00tah.com
 
        
map: SilverpineForest 
        - players: 6
 
        - length: 23:19
 
        - speed: Fast
 - version: 1.22 W3XP
 - replay type:  Public
 
» download(138 KB)
Players
        team 1 (winner) 
              
              
NigNigNog (
purple | 53 APM | 1245 actions | 23:18)
              
 6 Blademaster 
 3 Wind Walk
 2 Critical Strike
 1 Bladestorm
 
                » actions 
                
                | Assign group hotkey | 12 |  | 
| Basic commands | 3 |  | 
| Build / train | 53 |  | 
| ESC pressed | 4 |  | 
| Enter build submenu | 18 |  | 
| Enter hero's abilities submenu | 6 |  | 
| Give item / drop item | 4 |  | 
| Remove unit from queue | 12 |  | 
| Right click | 677 |  | 
| Select / deselect | 203 |  | 
| Select group hotkey | 158 |  | 
| Use ability | 95 |  | 
                1245 total
 » units 
                » upgrades
                
                | Liquid Fire | 1 |  | 
| Reinforced Defenses | 1 |  | 
                2 total
 » buildings
                
                | Altar of Storms | 1 |  | 
| Orc Burrow | 4 |  | 
| War Mill | 1 |  | 
| Watch Tower | 20 |  | 
| Voodoo Lounge | 1 |  | 
| Stronghold | 1 |  | 
| Fortress | 1 |  | 
| Beastiary | 2 |  | 
| Great Hall | 1 |  | 
                32 total
 » build order
                00:08 Altar of Storms
00:20 Orc Burrow
00:27 War Mill
01:43 Watch Tower
01:50 Orc Burrow
02:30 Watch Tower
02:40 Watch Tower
02:48 Voodoo Lounge
03:33 Watch Tower
03:39 Watch Tower
04:18 Stronghold
05:25 Watch Tower
05:26 Watch Tower
06:37 Orc Burrow
06:40 Fortress
06:47 Beastiary
06:50 Beastiary
07:12 Orc Burrow
18:31 Great Hall
18:34 Watch Tower
18:35 Watch Tower
18:35 Watch Tower
18:35 Watch Tower
18:36 Watch Tower
18:37 Watch Tower
18:37 Watch Tower
18:38 Watch Tower
18:38 Watch Tower
18:40 Watch Tower
19:30 Watch Tower
19:31 Watch Tower
19:31 Watch Tower
» items
                
                | Staff of Teleportation | 1 |  | 
| Boots of Speed | 1 |  | 
| Lesser Clarity Potion | 5 |  | 
| Healing Salve | 2 |  | 
| Scroll of Regeneration | 2 |  | 
| Scroll of Town Portal | 1 |  | 
| Orb of Lightning | 1 |  | 
| Amulet of Spell Shield | 1 |  | 
| Pendant of Mana | 1 |  | 
                15 total
  
               
              
              
VELOX_NEB (
red | 44 APM | 1021 actions | 23:18)
              
 4 Warden 
 2 Shadow Strike
 2 Blink
 
                » actions 
                
                | Assign group hotkey | 5 |  | 
| Basic commands | 52 |  | 
| Build / train | 58 |  | 
| ESC pressed | 3 |  | 
| Enter build submenu | 19 |  | 
| Enter hero's abilities submenu | 4 |  | 
| Right click | 597 |  | 
| Select / deselect | 192 |  | 
| Select group hotkey | 28 |  | 
| Use ability | 63 |  | 
                1021 total
 » units 
                » buildings
                
                | Altar of Elders | 3 |  | 
| Moon Well | 8 |  | 
| Tree of Life | 4 |  | 
| Ancient of War | 1 |  | 
                16 total
 » build order
                00:16 Altar of Elders
00:37 Moon Well
02:43 Moon Well
04:17 Moon Well
05:23 Tree of Life
08:17 Tree of Life
08:48 Moon Well
09:51 Moon Well
12:51 Altar of Elders
12:55 Altar of Elders
13:01 Moon Well
14:18 Moon Well
14:24 Moon Well
15:27 Ancient of War
19:28 Tree of Life
22:19 Tree of Life
» items
                
                | Scroll of Regeneration | 1 |  | 
| Lesser Clarity Potion | 1 |  | 
| Boots of Speed | 1 |  | 
| Staff of Teleportation | 1 |  | 
| Potion of Lesser Invulnerability | 1 |  | 
                5 total
  
               
              
              
w00tah.com (
pink | 41 APM | 957 actions | 23:19)
              
 3 Archmage 
 2 Blizzard
 1 Brilliance Aura
 
                » actions 
                
                | Assign group hotkey | 3 |  | 
| Basic commands | 3 |  | 
| Build / train | 58 |  | 
| ESC pressed | 11 |  | 
| Enter build submenu | 44 |  | 
| Enter hero's abilities submenu | 3 |  | 
| Remove unit from queue | 1 |  | 
| Right click | 413 |  | 
| Select / deselect | 303 |  | 
| Select group hotkey | 5 |  | 
| Use ability | 113 |  | 
                957 total
 » units 
                » upgrades
                
                | Masonry | 2 |  | 
| Lumber Harvesting | 1 |  | 
                3 total
 » buildings
                
                | Altar of Kings | 2 |  | 
| Farm | 5 |  | 
| Lumber Mill | 1 |  | 
| Scout Tower | 55 |  | 
| Guard Tower | 10 |  | 
| Keep | 1 |  | 
| Arcane Vault | 1 |  | 
| Arcane Tower | 2 |  | 
| Gryphon Aviary | 1 |  | 
| Castle | 1 |  | 
| Arcane Sanctum | 1 |  | 
                80 total
 » build order
                00:07 Altar of Kings
00:21 Farm
00:35 Farm
00:56 Lumber Mill
01:03 Scout Tower
01:36 Scout Tower
01:52 Scout Tower
02:01 Scout Tower
02:19 Scout Tower
02:23 Guard Tower
02:33 Scout Tower
02:34 Scout Tower
02:40 Scout Tower
02:56 Guard Tower
03:02 Scout Tower
03:28 Scout Tower
03:29 Scout Tower
03:33 Guard Tower
03:35 Scout Tower
03:36 Scout Tower
03:58 Guard Tower
04:09 Keep
04:10 Guard Tower
04:20 Scout Tower
05:07 Scout Tower
05:08 Scout Tower
05:08 Scout Tower
05:09 Scout Tower
05:24 Arcane Vault
05:40 Farm
05:49 Guard Tower
05:54 Scout Tower
05:55 Scout Tower
05:56 Scout Tower
05:57 Scout Tower
06:25 Arcane Tower
06:33 Arcane Tower
06:57 Gryphon Aviary
08:27 Scout Tower
08:27 Scout Tower
08:28 Scout Tower
08:29 Scout Tower
08:30 Scout Tower
08:30 Scout Tower
08:31 Scout Tower
08:32 Scout Tower
08:32 Scout Tower
09:26 Castle
10:44 Scout Tower
14:38 Scout Tower
14:39 Scout Tower
14:40 Scout Tower
15:41 Scout Tower
16:01 Altar of Kings
17:30 Guard Tower
17:32 Scout Tower
17:33 Scout Tower
17:33 Scout Tower
17:41 Farm
17:59 Scout Tower
18:00 Scout Tower
18:00 Scout Tower
18:01 Scout Tower
18:02 Scout Tower
18:05 Scout Tower
18:06 Scout Tower
18:07 Scout Tower
18:07 Scout Tower
18:09 Scout Tower
18:18 Arcane Sanctum
19:24 Farm
19:43 Guard Tower
21:16 Scout Tower
21:28 Scout Tower
21:30 Scout Tower
21:31 Scout Tower
21:32 Scout Tower
21:33 Scout Tower
21:45 Guard Tower
22:06 Guard Tower
» items
                 
               team 2 (loser) 
              
              
GeaRs (
blue | 79 APM | 1782 actions | 22:36)
              
 4 Pandaren Brewmaster 
 2 Breath of Fire
 2 Drunken Haze
 2 Demon Hunter 
 1 Mana Burn
 1 Evasion
 
                » actions 
                
                | Basic commands | 1 |  | 
| Build / train | 66 |  | 
| ESC pressed | 1 |  | 
| Enter build submenu | 25 |  | 
| Enter hero's abilities submenu | 6 |  | 
| Give item / drop item | 1 |  | 
| Remove unit from queue | 13 |  | 
| Right click | 1029 |  | 
| Select / deselect | 575 |  | 
| Use ability | 65 |  | 
                1782 total
 » units 
                
                | Wisp | 15 |  | 
| Huntress | -4 |  | 
| Glaive Thrower | 4 |  | 
| Archer | 5 |  | 
| Hippogryph | 6 |  | 
| Druid of the Talon | 2 |  | 
                28 total
 » upgrades
                
                | Strength of the Moon | 2 |  | 
| Moon Armor | 1 |  | 
| Vorpal Blades | 1 |  | 
| Nature's Blessing | 1 |  | 
| Strength of the Wild | 1 |  | 
| Reinforced Hides | 1 |  | 
| Druid of the Talon Training | 1 |  | 
| Improved Bows | 1 |  | 
| Marksmanship | 1 |  | 
                10 total
 » buildings
                
                | Moon Well | 7 |  | 
| Hunter's Hall | 1 |  | 
| Altar of Elders | 1 |  | 
| Ancient of War | 4 |  | 
| Ancient Protector | 7 |  | 
| Tree of Ages | 1 |  | 
| Tree of Eternity | 1 |  | 
| Ancient of Wind | 3 |  | 
| Ancient of Wonders | 1 |  | 
| Tree of Life | 1 |  | 
                27 total
 » build order
                00:08 Moon Well
00:21 Hunter's Hall
00:37 Altar of Elders
01:20 Ancient of War
01:27 Ancient of War
01:33 Ancient of War
01:45 Moon Well
02:02 Moon Well
02:31 Moon Well
03:30 Ancient of War
04:23 Moon Well
04:23 Moon Well
04:24 Moon Well
05:31 Ancient Protector
05:33 Ancient Protector
05:37 Ancient Protector
06:06 Tree of Ages
10:53 Ancient Protector
10:54 Ancient Protector
10:57 Ancient Protector
11:11 Ancient Protector
13:27 Tree of Eternity
13:29 Ancient of Wind
13:30 Ancient of Wind
14:17 Ancient of Wind
18:52 Ancient of Wonders
19:31 Tree of Life
» items
                
                | Scroll of Town Portal | 1 |  | 
| Potion of Lesser Invulnerability | 1 |  | 
| Scroll of Protection | 1 |  | 
                3 total
  
               
              
              
m2CeThEbAcKsTaB (
green | 41 APM | 913 actions | 22:23)
              
 2 Pandaren Brewmaster 
 1 Breath of Fire
 1 Drunken Brawler
 
                » actions 
                
                | Assign group hotkey | 83 |  | 
| Basic commands | 17 |  | 
| Build / train | 29 |  | 
| Enter build submenu | 21 |  | 
| Enter hero's abilities submenu | 2 |  | 
| Remove unit from queue | 1 |  | 
| Right click | 412 |  | 
| Select / deselect | 207 |  | 
| Select group hotkey | 107 |  | 
| Use ability | 34 |  | 
                913 total
 » units 
                » upgrades
                
                | Strength of the Wild | 1 |  | 
| Reinforced Hides | 1 |  | 
                2 total
 » buildings
                
                | Altar of Elders | 2 |  | 
| Moon Well | 5 |  | 
| Tree of Life | 2 |  | 
| Tree of Ages | 1 |  | 
| Ancient of Wonders | 2 |  | 
| Hunter's Hall | 1 |  | 
| Tree of Eternity | 0 |  | 
| Ancient Protector | 4 |  | 
                17 total
 » build order
                00:09 Altar of Elders
00:23 Moon Well
01:01 Altar of Elders
07:42 Tree of Life
07:44 Tree of Ages
08:31 Ancient of Wonders
08:45 Hunter's Hall
09:41 Ancient of Wonders
10:20 Tree of Eternity
11:28 Ancient Protector
11:31 Ancient Protector
11:33 Ancient Protector
11:37 Ancient Protector
15:13 Moon Well
15:17 Moon Well
15:47 Moon Well
15:51 Moon Well
19:47 Tree of Life
» items
                
                | Pendant of Mana | 1 |  | 
| Lesser Clarity Potion | 1 |  | 
                2 total
  
               
              
              
Sgt.ChiNo (
yellow | 83 APM | 1931 actions | 23:17)
              
 4 Pandaren Brewmaster 
 2 Breath of Fire
 2 Drunken Brawler
 
                » actions 
                
                | Assign group hotkey | 87 |  | 
| Basic commands | 63 |  | 
| Build / train | 25 |  | 
| ESC pressed | 5 |  | 
| Enter build submenu | 7 |  | 
| Enter hero's abilities submenu | 4 |  | 
| Right click | 1376 |  | 
| Select / deselect | 147 |  | 
| Select group hotkey | 164 |  | 
| Use ability | 53 |  | 
                1931 total
 » units 
                » buildings
                
                | Moon Well | 2 |  | 
| Altar of Elders | 1 |  | 
| Ancient of Wonders | 1 |  | 
| Ancient of War | 2 |  | 
| Hunter's Hall | 1 |  | 
| Tree of Ages | 1 |  | 
                8 total
 » build order
                00:11 Moon Well
01:20 Altar of Elders
04:11 Moon Well
05:28 Ancient of Wonders
06:35 Ancient of War
06:36 Ancient of War
08:54 Hunter's Hall
09:33 Tree of Ages
» items
                
                | Boots of Speed | 1 |  | 
| Periapt of Vitality | 1 |  | 
| Circlet of Nobility | 1 |  | 
                3 total
  
                Chat log
          (00:09 / All) w00tah.com: nice gimmick
(00:14 / All) GeaRs: que
(00:16 / Allies) w00tah.com: panda wells prolly
(00:17 / All) m2CeThEbAcKsTaB: gimmick?
(00:45 / Allies) VELOX_NEB: they aow rush
(00:47 / Allies) VELOX_NEB: panda
(00:52 / Allies) NigNigNog: k
(01:05 / Allies) NigNigNog: is there a counter we should do?
(01:10 / Allies) NigNigNog: or just towers?
(01:10 / Allies) w00tah.com: nah, towa like usualy
(01:14 / Allies) VELOX_NEB: just tower
(01:20 / Allies) VELOX_NEB: too many weak seriouscrafters
(01:21 / Allies) w00tah.com: scouting
(01:28 / Allies) w00tah.com: namely, me
(02:10 / Allies) w00tah.com: mass archers ?
(02:16 / Allies) VELOX_NEB: yeah
(02:17 / Allies) NigNigNog: lol
(02:22 / Allies) VELOX_NEB: only thing it could be
(02:26 / Allies) w00tah.com: lum
(02:53 / All) w00tah.com: haha, gimmicking fags
(02:55 / Allies) NigNigNog: feeding
(03:05 / All) GeaRs: well
(03:06 / All) GeaRs: =o
(04:32 / All) m2CeThEbAcKsTaB: learn to proto lol
(04:39 / All) w00tah.com: learn anything
(04:50 / All) Sgt.ChiNo: we learned to own noobs
(04:55 / All) Sgt.ChiNo: LIKE u
(05:03 / All) w00tah.com: hahaha
(05:04 / All) w00tah.com: 1v1 ?
(05:09 / All) m2CeThEbAcKsTaB: sure
(05:17 / All) w00tah.com: channel lljk
(05:26 / All) m2CeThEbAcKsTaB: channel kop
(05:29 / All) w00tah.com: no thanks
(05:32 / All) w00tah.com: channel lljk
(05:35 / All) m2CeThEbAcKsTaB: KOP
(05:37 / All) m2CeThEbAcKsTaB: the king of pain
(05:40 / All) Sgt.ChiNo: lol
(05:44 / All) w00tah.com: more like king of phags
(05:45 / All) m2CeThEbAcKsTaB: aka aksha
(05:53 / Allies) NigNigNog: we can win
(05:54 / All) m2CeThEbAcKsTaB: ur the king of proto newbism
(05:59 / Allies) NigNigNog: its in the bag
(06:01 / All) Sgt.ChiNo: lol
(07:34 / Allies) NigNigNog: share woot
(08:11 / Allies) NigNigNog: fuck
(09:26 / All) m2CeThEbAcKsTaB: LOL
(09:50 / All) m2CeThEbAcKsTaB: nice proto
(09:53 / All) m2CeThEbAcKsTaB: ur pro
(09:53 / All) w00tah.com: nice feed
(10:06 / All) m2CeThEbAcKsTaB: yup
(10:35 / Allies) NigNigNog: wait
(14:23 / Allies) NigNigNog: rebguil
(16:35 / Allies) NigNigNog: where?
(20:15 / Allies) NigNigNog: bring griffs
(22:26 / All) w00tah.com: HAHAHAHA
(22:28 / All) w00tah.com: LEAVE FAGGOTS
(22:36 / All) GeaRs: ko[
(22:41 / All) w00tah.com: LEARN TO PROTO
(22:43 / All) w00tah.com: HAHAHAHAHA